 Dungeon Crawl Stone Soup version 0.24.0-37-gcf1ca852f1 (webtiles) character file.

Game seed: 16016003667173524797, levelgen mode: deterministic

72 Cryoshakespeare the Chopper (level 4, 0/41 HPs)
             Began as a Hill Orc Monk on Nov 24, 2019.
             Succumbed to an adder's poison
             ... on level 2 of the Dungeon.
             The game lasted 00:04:04 (1589 turns).

Cryoshakespeare the Chopper (Hill Orc Monk)         Turns: 1589, Time: 00:04:05

Health: 0/41       AC: 10    Str: 14    XL:     4   Next: 26%
Magic:  4/4        EV:  4    Int: 10    God:
Gold:   112        SH:  0    Dex: 13    Spells: 3/3 levels left

rFire    . . .     SeeInvis .   a - +0 hand axe
rCold    . . .     Gourm    .   (no shield)
rNeg     . . .     Faith    .   h - +0 plate armour
rPois    .         Spirit   .   (no helmet)
rElec    .         Reflect  .   (no cloak)
rCorr    .         Harm     .   (no gloves)
MR       .....                  (no boots)
Stlth    ..........             (no amulet)
HPRegen  0.13/turn              (no ring)
MPRegen  0.09/turn              (no ring)

@: lethally poisoned (0 -> -9)
A: no striking features
a: no special abilities


You were on level 2 of the Dungeon.
You were very hungry.

You visited 1 branch of the dungeon, and saw 3 of its levels.

You collected 112 gold pieces.

Inventory:

Hand Weapons
 a - a +0 hand axe (weapon)
Armour
 b - a +0 robe
 h - a +0 plate armour (worn)
 i - a +0 helmet
Scrolls
 d - a scroll of identify {unknown}
 e - a scroll of remove curse {unknown}
 f - 2 scrolls of teleportation {unknown}
Potions
 g - 2 potions of agility {unknown}
Comestibles
 c - 4 rations


   Skills:
 + Level 4.3 Fighting
 * Level 5.5 Axes
 + Level 2.9 Dodging
 - Level 1.5 Stealth


You had 3 spell levels left.
You didn't know any spells.
Your spell library was empty.

Dungeon Overview and Level Annotations

Branches:
Dungeon (3/15)

Altars:
Elyvilon
Hepliaklqana
Trog
Wu Jian
Zin

Annotations:
D:3 Robin


Message History

You miss the adder.
The adder is severely wounded.
* * * LOW HITPOINT WARNING * * *
You feel sick.
The adder bites you but does no damage. x2
Unknown command.
You closely miss the adder.
The adder is severely wounded.
* * * LOW HITPOINT WARNING * * *
You feel sick. The adder bites you but does no damage.
Unknown command.
You hit the adder but do no damage.
The adder is severely wounded.
* * * LOW HITPOINT WARNING * * *
You feel sick. The adder bites you.
* * * LOW HITPOINT WARNING * * *
The adder bites you but does no damage.
Unknown command.
You hit the adder.
The adder is almost dead.
You die...

#.# #...............#.#
#.###.#.##.#(..#.####.#######
#...#.#).....................
###.#.#.#....#...............
#.#.#.#...........#.#######
#.....#......#>............
#####......#........#.#######
#..............S....#...
#.####...#.#.#@..#..########
#.#..+...+.#...............#
##.#.##...# #####.#..######.#
#........... ..)#..#
#..#.#.#+#.## ##.......
#..#... .. .......##
#..#####.## ##.......
#.......... ..........
#.#........ ...........


You could see an adder.

Vanquished Creatures
  Jessica (D:3)
  An adder (D:2)
  A dart slug (D:1)
  2 leopard geckos
  An orc (D:3)
  3 bats
  2 giant cockroaches
  3 goblins
  4 hobgoblins
  6 jackals (D:1)
  2 kobolds (D:1)
  2 frilled lizards
  A rat (D:1)
29 creatures vanquished.

Notes
Turn   | Place    | Note
-------+----------+-------------------------------------------
     0 | D:1      | Cryoshakespeare the Hill Orc Monk began the quest for the
                  | Orb.
     0 | D:1      | Reached XP level 1. HP: 19/19 MP: 1/1
   197 | D:1      | Reached XP level 2. HP: 10/27 MP: 2/2
   980 | D:2      | Reached XP level 3. HP: 23/33 MP: 3/3
  1098 | D:3      | Found a hazy altar of Hepliaklqana.
  1098 | D:3      | Found a white marble altar of Elyvilon.
  1099 | D:3      | Found a bloodstained altar of Trog.
  1099 | D:3      | Found an ornate altar of the Wu Jian Council.
  1100 | D:3      | Found a glowing silver altar of Zin.
  1153 | D:3      | Reached skill level 5 in Axes
  1207 | D:3      | Noticed Jessica
  1234 | D:3      | Killed Jessica
  1234 | D:3      | Reached XP level 4. HP: 6/40 MP: 4/4
  1519 | D:3      | Noticed Robin
  1588 | D:2      | HP: 1/41 [adder (3)]
  1589 | D:2      | Succumbed to an adder's poison

Levels and vault maps discovered:
D:1:      dpeg_arrival_three_same_balls, layout_loops_ring, chequers_garden,
          minmay_hexomino_u4
D:2:      layout_basic
D:3:      layout_rooms, nicolae_ashenzari_panopticon,
          grunt_temple_overflow_open, first_ration, chequers_arboretum,
          uniq_grinder, uniq_robin, uniq_jessica

Skill      XL: |  1  2  3 |
---------------+----------+-----
Fighting       | 4 |  4.3
Axes           | 5 |  5.5
Dodging        | |  2.9
Stealth        | |  1.5

Action                   |  1- 3 |  4- 6 || total
-------------------------+-------+-------++-------
Melee: Hand axe          |    98 |    16 ||   114
 Stab: Sleeping          |     3 |       ||     3
  Eat: Chunk             |     1 |       ||     1
Armor: Robe              |    15 |       ||    15
       Plate armour      |    10 |    26 ||    36
Dodge: Dodged            |    64 |     7 ||    71
